 Dungeon Sprint DCSS version 0.17-a0-1830-g81820eb (webtiles) character file.

2753 nuthulu the Blocker (level 9, -3/71 HPs)
             Began as a Gargoyle Fighter on Sept 13, 2015.
             Was an Elder of Trog.
             Killed from afar by an orc sorcerer (28 damage)
             ... with a bolt of fire
             ... in the Dungeon (Sprint III: "The Ten Rune Challenge").
             The game lasted 00:04:26 (1955 turns).

nuthulu the Blocker (Gargoyle Fighter)              Turns: 1955, Time: 00:04:26

Health: -3/71      AC: 21    Str: 21    XL:     9   Next: 68%
Magic:  9/9        EV:  8    Int:  8    God:    Trog [****..]
Gold:   22         SH: 13    Dex: 14    Spells: 0 memorised, 8 levels left

rFire  . . .     SeeInvis .     a - +0 flail
rCold  . . .     Clarity  .     d - +0 plate armour
rNeg   + . .     SustAt   .     c - +0 shield
rPois  ∞         Gourm    .     (no helmet)
rElec  +         Spirit   .     (no cloak)
rCorr  .         Warding  .     (no gloves)
rMut   .         NoTele   +     (no boots)
MR     ++...                    (no amulet)
Stlth  ..........               (no ring)
                                (no ring)

@: regenerating, very resistant to hostile enchantments, extremely unstealthy
A: repulsion field 1, agile 1, negative energy resistance 1, robust 1,
electricity resistance, unbreathing, petrification resistance, rot immunity, AC
+5
a: Burn Spellbooks, Berserk, Trog's Hand, Brothers in Arms, Renounce Religion


You were in the Dungeon.
You worshipped Trog.
Trog was greatly pleased with you.
You were not hungry.

You visited 1 branch You collected 22 gold pieces.

Inventory:

Hand weapons
 a - a +0 flail (weapon)
Armour
 b - a +0 scale mail
 c - a +0 shield (worn)
 d - a +0 plate armour (worn)
Scrolls
 k - a scroll of blinking
 l - a scroll of holy word {unknown}
 o - 3 scrolls of remove curse
 r - a scroll of immolation {unknown}
Potions
 f - a potion of curing
 g - a potion of heal wounds
 h - a potion of mutation
 i - 2 potions of magic
 p - a potion of cure mutation
 q - 3 potions of flight
 t - a potion of lignification {unknown}
Comestibles
 e - a bread ration
 j - a royal jelly
 m - 9 chunks of flesh


   Skills:
 + Level 12.2 Fighting
 + Level 11.2 Maces & Flails
 + Level 12.2 Armour
 + Level 12.3 Shields


You had 8 spell levels left.
You didn't know any spells.

Dungeon Overview and Level Annotations

Branches:
Dungeon (1/1)

Altars:
Cheibriados
Dithmenos
Elyvilon
Fedhas
Gozag
Kikubaaqudgha
Makhleb
Nemelex Xobeh
Okawaru
Qazlal
Ru
Sif Muna
Trog
Vehumet
Xom
Yredelemnul
Zin
The Shining One
Jiyva
Lugonu


Innate Abilities, Weirdness & Mutations

You are resistant to torment.
Your stone body is resilient (AC +5).
You are immune to poison.
You resist negative energy.
You are resistant to electric shocks.
You can survive without breathing.
You are immune to petrification.
You are immune to rotting.
You are surrounded by a mild repulsion field (EV +2).
You are agile. (Dex +2)
You are robust (+10% HP).


Message History

Unknown command.
You hit the orc sorcerer but do no damage.
The orc sorcerer is almost dead.
You block the orc sorcerer's attack.
The orc warrior hits you from afar with a trident!
The sun demon hits you but does no damage.
Unknown command.
You closely miss the orc sorcerer.
The orc sorcerer is almost dead.
You block the orc sorcerer's attack.
The sun demon hits you but does no damage.
An orc and an orc warrior come into view.
Unknown command.
You closely miss the orc sorcerer.
The orc sorcerer is almost dead.
The orc warrior hits you from afar with a trident.
The orc sorcerer becomes larger for a moment.
The orc sorcerer points at you and mumbles some strange words.
The bolt of fire hits you!
You die...

▓▓▓ ♣.############ ####
♣.#___#__.#__####$$$
♣♣.#)..#...#._#.....
♣♣..###+#+###)##oooo
.♣♣.#..........#ooo
♣♣♣.+)⌠........#oo
≈.♣.#...######'#o#
....#.⌠.#__#...#@################
....#...#__#...#3.≈≈≈+§#(+)..+.#.
....#)###__#...#.#§≈≈#§#.#)..##.#
....#..§#__#...'.#§.§#.#.#...#.#.
....#___#_.+...#.#.§§#...#...## #
▓▓▓▓▓▓▓▓▓▓▓▓▓▓▓▓▓▓▓▓▓▓▓▓▓▓▓▓▓#


You could see a sun demon, an orc sorcerer, 3 orc warriors, an orc priest and 5
orcs.

Vanquished Creatures
  Snorg (D)
  A centaur warrior (D)
  A deep elf priest (D)
  A shadow (D)
  A spatial vortex (D)
  A necrophage (D)
  An earth elemental (D)
  2 centaurs (D)
  A water elemental (D)
  A scorpion (D)
  A jelly (D)
  A necromancer (D)
  A wizard (D)
  3 humans (D)
  A kobold demonologist (D)
  An ooze (D)
  3 rats (D)
22 creatures vanquished.

Vanquished Creatures (others)
  2 draconian scorchers (D)
  3 yaktaurs (D)
  2 orcs (D)
  3 plants (D)
10 creatures vanquished.

Grand Total: 32 creatures vanquished

Notes
Turn   | Place    | Note
--------------------------------------------------------------
     0 | D        | nuthulu the Gargoyle Fighter began the quest for the Orb.
     0 | D        | Reached XP level 1. HP: 14/14 MP: 1/1
    31 | D        | Reached XP level 2. HP: 20/20 MP: 2/2
    35 | D        | Reached skill level 4 in Armour
    74 | D        | HP: 1/20 [human (3)]
    81 | D        | Reached XP level 3. HP: 2/24 MP: 3/3
   161 | D        | Killed a white draconian scorcher
   163 | D        | Killed a yaktaur
   330 | D        | Killed a white draconian scorcher
   369 | D        | Noticed a scorpion
   396 | D        | Killed a scorpion
   396 | D        | Reached skill level 5 in Fighting
   396 | D        | Reached skill level 5 in Armour
   396 | D        | Reached skill level 5 in Shields
   396 | D        | Reached XP level 4. HP: 10/31 MP: 4/4
   600 | D        | Gained mutation: You are robust (+10% HP). [potion of mutation]
   600 | D        | Gained mutation: You are agile. (Dex +2) [potion of mutation]
   600 | D        | Gained mutation: You are surrounded by a mild repulsion field (EV +2). [potion of mutation]
   645 | D        | Noticed a water elemental
   650 | D        | Killed a water elemental
   650 | D        | Reached skill level 6 in Fighting
   650 | D        | Reached skill level 5 in Maces & Flails
   650 | D        | Reached XP level 5. HP: 39/39 MP: 5/5
   693 | D        | Found an iron altar of Okawaru.
   693 | D        | Found a bloodstained altar of Trog.
   693 | D        | Noticed a human
   699 | D        | Noticed a human
   707 | D        | Killed a human
   707 | D        | Reached skill level 7 in Fighting
   707 | D        | Reached XP level 6. HP: 16/48 MP: 6/6
   720 | D        | Killed a human
   720 | D        | Reached skill level 8 in Fighting
   787 | D        | Became a worshipper of Trog the Wrathful
   947 | D        | Killed a yaktaur
   968 | D        | Found a radiant altar of Vehumet.
   968 | D        | Found a deep blue altar of Sif Muna.
   968 | D        | Found an ancient bone altar of Kikubaaqudgha.
   968 | D        | Noticed a wizard
   969 | D        | Acquired Trog's first power
   973 | D        | Killed a wizard
   973 | D        | Reached XP level 7. HP: 43/55 MP: 7/7
   975 | D        | Noticed an orange demon
   976 | D        | Noticed a red devil
   986 | D        | Noticed a red devil
   991 | D        | Noticed a soul eater
  1013 | D        | Noticed a chaos spawn
  1020 | D        | Noticed a soul eater
  1022 | D        | Acquired Trog's second power
  1058 | D        | Found a glowing silver altar of Zin.
  1058 | D        | Found a glowing golden altar of the Shining One.
  1058 | D        | Found a white marble altar of Elyvilon.
  1059 | D        | Noticed a deep elf priest
  1080 | D        | Killed a deep elf priest
  1080 | D        | Reached skill level 9 in Fighting
  1153 | D        | Killed a yaktaur
  1371 | D        | Found a basalt altar of Yredelemnul.
  1371 | D        | Found a snail-covered altar of Cheibriados.
  1371 | D        | Found a blossoming altar of Fedhas.
  1371 | D        | Noticed a necrophage
  1371 | D        | Noticed a necromancer
  1384 | D        | Killed a necrophage
  1390 | D        | Killed a necromancer
  1411 | D        | Noticed a jelly
  1420 | D        | Killed a jelly
  1420 | D        | Reached XP level 8. HP: 58/62 MP: 8/8
  1439 | D        | Noticed a shadow
  1450 | D        | Killed a shadow
  1450 | D        | Reached skill level 10 in Fighting
  1450 | D        | Reached skill level 10 in Armour
  1450 | D        | Reached skill level 10 in Shields
  1491 | D        | Found a stormy altar of Qazlal.
  1491 | D        | Found a sacrificial altar of Ru.
  1491 | D        | Found a burning altar of Makhleb.
  1491 | D        | Found a shimmering altar of Xom.
  1492 | D        | Found a viscous altar of Jiyva.
  1492 | D        | Found a shadowy altar of Dithmenos.
  1492 | D        | Found a sparkling altar of Nemelex Xobeh.
  1492 | D        | Found a corrupted altar of Lugonu.
  1492 | D        | Found an opulent altar of Gozag.
  1492 | D        | Noticed a spatial vortex
  1505 | D        | Killed a spatial vortex
  1545 | D        | Noticed Snorg
  1562 | D        | Killed Snorg
  1562 | D        | Reached skill level 11 in Fighting
  1562 | D        | Reached skill level 10 in Maces & Flails
  1562 | D        | Reached XP level 9. HP: 47/70 MP: 9/9
  1693 | D        | Noticed an earth elemental
  1703 | D        | Killed an earth elemental
  1756 | D        | Noticed a centaur
  1756 | D        | Noticed a centaur warrior
  1756 | D        | Noticed a centaur
  1760 | D        | Killed a centaur
  1760 | D        | Acquired Trog's third power
  1778 | D        | Killed a centaur warrior
  1778 | D        | Reached skill level 12 in Fighting
  1788 | D        | Killed a centaur
  1935 | D        | Noticed an orc priest
  1935 | D        | Noticed an orc sorcerer
  1935 | D        | Noticed an orc warrior
  1936 | D        | Noticed an orc warrior
  1941 | D        | Noticed an orc warrior
  1941 | D        | Noticed an orc priest
  1950 | D        | Noticed a sun demon
  1955 | D        | Noticed an orc warrior
  1955 | D        | Killed from afar by an orc sorcerer

Vault maps used:
D:        dungeon_sprint_mu

Action                   |  1- 3 |  4- 6 |  7- 9 || total
-------------------------+-------+-------+-------++-------
Melee: Flail             |    44 |    22 |   138 ||   204
Invok: Burn Spellbooks   |       |     1 |     1 ||     2
       Berserk           |       |       |     4 ||     4
       Trog's Hand       |       |       |     5 ||     5
  Use: Potion            |     1 |     3 |       ||     4
       Scroll            |       |     2 |       ||     2
  Eat: Pizza             |       |     1 |       ||     1
       Meat ration       |       |       |     1 ||     1
       Bread ration      |       |       |     1 ||     1
